[Event "Titled Tuesday Blitz May 9 Early 2023"]
[White "Jaskolka, Tomasz"]
[Black "Mitusov, Semen"]
[WhiteFideId "1170791"]
[BlackFideId "14151049"]
[WhiteElo "2155"]
[BlackElo "2389"]
[Result "0-1"]
[Round "10"]
[TimeControl "180+2"]
[Date "2023.05.09"]
[WhiteClock "0:00:15"]
[BlackClock "0:00:39"]

1. d4 d5 2. Nc3 Nf6 3. Bf4 e6 4. e3 a6 5. Nf3 c5 6. a3 Nc6 7. Ne5 Bd6 8. Nxc6 bxc6 9. Bxd6 Qxd6 10. dxc5 Qxc5 11. Qd4 Qd6 12. Na4 O-O 13. Be2 Rb8 14. b4 e5 15. Qc5 Qc7 16. O-O Ne4 17. Qa5 Qa7 18. Rfd1 Nd6 19. Qc5 Qxc5 20. Nxc5 Ra8 21. c4 Nxc4 22. Bxc4 dxc4 23. Rac1 a5 24. Rxc4 axb4 25. axb4 Rb8 26. f3 h6 27. Kf2 Rb5 28. Rd6 Bf5 29. Rxc6 Rfb8 30. Na6 R8b6 31. Rxb6 Rxb6 32. Nc5 f6 33. e4 Bg6 34. Nd7 Rb7 35. Nc5 Rb5 36. Nd3 Bf7 37. Rc8+ Kh7 38. Rc5 Rb7 39. Ke3 h5 40. h4 Kg6 41. g3 Kh7 42. Kd2 Be8 43. Kc3 Ra7 44. Ra5 Rd7 45. b5 Rb7 46. Kc4 Kg6 47. Nc5 Rb6 48. Kb4 Rd6 49. Ra6 Rd4+ 50. Kc3 Bxb5 51. Rb6 Rc4+ 52. Kb3 Rxc5 53. Kb4 Rc4+ 54. Kxb5 Rc3 55. f4 Rxg3 56. fxe5 Rb3+ 57. Kc5 Rxb6 58. Kxb6 fxe5 59. Kc5 Kf6 60. Kd6 g5 61. hxg5+ Kxg5 62. Kxe5 h4 63. Kd6 h3 64. e5 h2 65. e6 h1=Q 66. e7 Qa8 67. Ke6 0-1


[Site "https://www.chess.com"]

[Event "Titled Tuesday Blitz May 9 Early 2023"]
[White "Degenbaev, Aziz"]
[Black "bubeliang"]
[WhiteFideId "13802640"]
[WhiteElo "2152"]
[BlackElo "2647"]
[Result "1-0"]
[Round "10"]
[TimeControl "180+2"]
[Date "2023.05.09"]
[WhiteClock "0:01:58"]
[BlackClock "0:01:14"]

1. e4 c6 2. d4 d5 3. e5 c5 4. dxc5 e6 5. a3 Bxc5 6. Qg4 Ne7 7. Nf3 Ng6 8. b4 h5 9. Qg3 Bf8 10. Bd3 Ne7 11. Nc3 a6 12. Ng5 Qc7 13. Bb2 Nec6 14. Nxf7 Kxf7 15. Nxd5 Qd8 16. Qg6+ Kg8 17. Nf6+ Qxf6 18. exf6 Rh6 19. f7+ Kh8 20. Qxh6# 1-0


[Site "https://www.chess.com"]

[Event "Titled Tuesday Blitz May 9 Early 2023"]
[White "Staudenhocker43"]
[Black "Weishaeutel, Moritz"]
[BlackFideId "12967300"]
[WhiteElo "2528"]
[BlackElo "2301"]
[Result "1/2-1/2"]
[Round "10"]
[TimeControl "180+2"]
[Date "2023.05.09"]
[WhiteClock "0:01:10"]
[BlackClock "0:00:03"]

1. d4 Nf6 2. Bg5 d5 3. e3 c6 4. Bxf6 exf6 5. c4 dxc4 6. Bxc4 Bd6 7. Ne2 O-O 8. O-O Nd7 9. Nd2 Nb6 10. Bb3 Qc7 11. g3 Bh3 12. Re1 Rfe8 13. Nc4 Bb4 14. Nc3 Nd5 15. Rc1 Qd7 16. Qf3 Bg4 17. Qg2 Re7 18. Bd1 Bh3 19. Qf3 Rae8 20. a3 Bxc3 21. bxc3 Be6 22. Nd2 f5 23. Qg2 f6 24. Bf3 Bf7 25. c4 Nc7 26. c5 Nd5 27. Red1 Nxe3 28. fxe3 Rxe3 29. Nf1 Rxa3 30. d5 cxd5 31. Bxd5 Bxd5 32. Qxd5+ Qxd5 33. Rxd5 Re5 34. Rd8+ Kf7 35. Rd7+ Re7 36. Rxe7+ Kxe7 37. Rb1 b6 38. cxb6 axb6 39. Rxb6 Kf7 40. Rb2 g5 41. Kf2 Kg6 42. Nd2 h5 43. Nf3 h4 44. gxh4 g4 45. Nd4 Rh3 46. Ne2 Rxh2+ 47. Kg1 Rxh4 48. Rb5 Rh8 49. Nf4+ Kg5 50. Ne6+ Kg6 51. Nf4+ 1/2-1/2


[Site "https://www.chess.com"]

[Event "Titled Tuesday Blitz May 9 Early 2023"]
[White "Tasev, Dejan"]
[Black "Hossain, Enamul"]
[WhiteFideId "936618"]
[BlackFideId "10200649"]
[WhiteElo "2244"]
[BlackElo "2433"]
[Result "1/2-1/2"]
[Round "10"]
[TimeControl "180+2"]
[Date "2023.05.09"]
[WhiteClock "0:00:29"]
[BlackClock "0:00:11"]

1. e4 c5 2. Nf3 Nc6 3. Nc3 e5 4. Bc4 Be7 5. d3 d6 6. Nd2 Nf6 7. Nf1 Bg4 8. f3 Be6 9. Ne3 O-O 10. O-O Nb4 11. a3 d5 12. exd5 Nbxd5 13. Nexd5 Nxd5 14. Nxd5 Bxd5 15. Be3 Qd7 16. a4 Rad8 17. b3 b6 18. Qe1 Rfe8 19. Qg3 Bf8 20. Rae1 f6 21. h4 Bxc4 22. dxc4 Qf5 23. Qf2 e4 24. fxe4 Qxf2+ 25. Bxf2 Rd2 26. Bg3 Rxc2 27. Rf3 Rd2 28. h5 h6 29. e5 fxe5 30. Rxe5 Rd1+ 31. Kh2 Rxe5 32. Bxe5 Bd6 33. Bxd6 Rxd6 34. g4 a6 35. Kg3 b5 36. axb5 axb5 37. cxb5 Rb6 38. Kf2 Rxb5 39. Rf5 Rb4 40. Rxc5 Rxg4 41. Ke2 Rb4 42. Rc3 Rb5 43. Rh3 Kf7 44. Kd2 g6 45. hxg6+ Kxg6 46. Kc3 h5 47. b4 Kg5 48. Kc4 Rb8 49. b5 Kg4 50. Rh1 h4 51. Rg1+ Kf3 52. Rh1 Kg3 53. Rg1+ Kf3 54. Kc5 h3 55. Rh1 Kg2 56. Rxh3 Kxh3 57. b6 Rxb6 58. Kxb6 1/2-1/2


[Site "https://www.chess.com"]

[Event "Titled Tuesday Blitz May 9 Early 2023"]
[White "Piesik, Piotr"]
[Black "feuervogel1000000"]
[WhiteFideId "1136194"]
[WhiteElo "2299"]
[BlackElo "2477"]
[Result "0-1"]
[Round "10"]
[TimeControl "180+2"]
[Date "2023.05.09"]
[WhiteClock "0:00:56"]
[BlackClock "0:01:07"]

1. Nf3 d5 2. g3 Nf6 3. Bg2 c5 4. O-O g6 5. d3 Bg7 6. Nbd2 Nc6 7. e4 e5 8. Re1 d4 9. Nc4 Qe7 10. a4 O-O 11. Rf1 b6 12. Ne1 Ba6 13. f4 Bxc4 14. dxc4 exf4 15. e5 Nxe5 16. Bxa8 Rxa8 17. Bxf4 Nxc4 18. Qf3 Re8 19. Nd3 Ne4 20. Rae1 f5 21. g4 fxg4 22. Qxg4 Ne3 23. Bxe3 dxe3 24. Kg2 Qb7 25. Qf3 Rf8 26. Qxe3 Nd2+ 27. Kh3 Nxf1 28. Qe6+ Kh8 29. Ne5 Rf3+ 30. Kh4 Bf6+ 31. Kg4 h5# 0-1


[Site "https://www.chess.com"]

[Event "Titled Tuesday Blitz May 9 Early 2023"]
[White "Pinto, Daniel"]
[Black "Bruedigam, Martin"]
[WhiteFideId "3303144"]
[BlackFideId "24608033"]
[WhiteElo "2145"]
[BlackElo "2331"]
[Result "1-0"]
[Round "10"]
[TimeControl "180+2"]
[Date "2023.05.09"]
[WhiteClock "0:00:12"]
[BlackClock "0:00:03"]

1. e4 c6 2. d4 d5 3. e5 Bf5 4. h4 Qc7 5. Ne2 e6 6. Ng3 Ne7 7. Be3 h6 8. Nc3 Nd7 9. Bd3 Bxd3 10. Qxd3 h5 11. O-O g6 12. Bg5 Qb6 13. b4 Bh6 14. Bxe7 Kxe7 15. f4 Bf8 16. Rfb1 Ke8 17. Nge2 Be7 18. g3 Kf8 19. Kf2 Kg7 20. Ng1 Qc7 21. Kg2 a5 22. b5 Nb6 23. Nf3 Nc4 24. a4 c5 25. dxc5 Bxc5 26. Nd1 b6 27. Rb3 Rac8 28. Nd2 Bb4 29. Nf3 Bc5 30. Ra2 Qb7 31. Nd4 Bxd4 32. Qxd4 Rc5 33. Rd3 Rhc8 34. c3 Qe7 35. Kh3 f6 36. Re2 fxe5 37. fxe5 Rf8 38. Rf2 Rxf2 39. Nxf2 Rc8 40. Rf3 Rf8 41. Rf4 Rf5 42. Nd3 Qa3 43. Rxf5 gxf5 44. Qf4 Qe7 45. Qd4 Qc7 46. Qf4 Qd8 47. Qd4 Kf7 48. Qf4 Qh8 49. Qg5 Nxe5 50. Nxe5+ Qxe5 51. Qxh5+ Ke7 52. Qh7+ Kd6 53. Qb7 Qxc3 54. Qxb6+ Ke5 55. Qb8+ Ke4 56. Qf4+ Kd3 57. Qf3+ Kc4 58. Qxc3+ Kxc3 59. h5 d4 60. h6 d3 61. h7 d2 62. h8=Q+ Kc2 63. Qc8+ Kb2 64. Qd7 Kc1 65. Qc6+ Kb1 66. Qd6 Kc1 67. Qc5+ Kb1 68. Qd4 Kc1 69. Qc3+ Kd1 70. Qxa5 e5 71. Kg2 e4 72. Kf2 1-0


[Site "https://www.chess.com"]

[Event "Titled Tuesday Blitz May 9 Early 2023"]
[White "Vlassov, Nikolai"]
[Black "Rozman, Levy"]
[WhiteFideId "4103360"]
[BlackFideId "2039877"]
[WhiteElo "2324"]
[BlackElo "2376"]
[Result "1/2-1/2"]
[Round "10"]
[TimeControl "180+2"]
[Date "2023.05.09"]
[WhiteClock "0:00:06"]
[BlackClock "0:00:07"]

1. e4 d5 2. exd5 Nf6 3. Bb5+ Nbd7 4. c4 a6 5. Bxd7+ Qxd7 6. Nf3 b5 7. d3 e6 8. Qe2 Be7 9. dxe6 fxe6 10. O-O O-O 11. Nc3 Bb7 12. Ne5 Qe8 13. Bf4 Bd6 14. Rfe1 Nh5 15. Bg3 Nf4 16. Bxf4 Rxf4 17. Rad1 b4 18. Nb1 Bc5 19. Ng4 Kh8 20. Nd2 Qg6 21. Ne3 Raf8 22. Rf1 h5 23. Ne4 Bd4 24. Kh1 Rh4 25. Ng3 Qg5 26. Nc2 Be5 27. Kg1 Rg4 28. Ne3 Rh4 29. d4 Bxd4 30. a3 b3 31. Rd3 c5 32. Rxb3 Ba8 33. Rb6 Qg6 34. Rxa6 Be4 35. Nxe4 Rxe4 36. Qd3 Rff4 37. Ra8+ Kh7 38. b4 Bxe3 39. fxe3 Rg4 40. Qe2 h4 41. Qf3 h3 42. Qxh3+ Rh4 43. Qf3 Reg4 44. Rf2 Qb1+ 45. Rf1 Qd3 46. g3 Qd2 47. Rf2 Qd1+ 48. Kg2 Qxf3+ 49. Rxf3 Rh6 50. bxc5 Rxc4 51. Rc8 Rc2+ 52. Rf2 Rxh2+ 53. Kxh2 Rxf2+ 54. Kh3 Ra2 55. c6 Rxa3 56. c7 Rc3 57. Kg4 Kg6 58. Kf4 Rc5 59. Ke4 Kf6 60. Kd4 Rc1 61. e4 Ke7 62. e5 Kd7 63. Rg8 Kxc7 64. Rxg7+ Kc6 65. Ke4 Rc4+ 66. Kf3 Kd5 67. Rg5 Rc3+ 68. Kf4 Rc8 69. Rg6 Rf8+ 70. Rf6 Ra8 71. g4 Ra4+ 72. Kg5 Kxe5 73. Rf8 Ra1 74. Rd8 Rg1 75. Kh5 Rh1+ 76. Kg6 Kf4 77. g5 Rg1 78. Rf8+ Ke4 79. Kf6 Rf1+ 80. Ke7 Rxf8 81. Kxf8 Kf5 82. Kf7 Kxg5 83. Kxe6 1/2-1/2


[Site "https://www.chess.com"]

[Event "Titled Tuesday Blitz May 9 Early 2023"]
[White "SashaKuzhilniy"]
[Black "Liu, Casper"]
[BlackFideId "1454153"]
[WhiteElo "2587"]
[BlackElo "2221"]
[Result "1-0"]
[Round "10"]
[TimeControl "180+2"]
[Date "2023.05.09"]
[WhiteClock "0:01:42"]
[BlackClock "0:01:02"]

1. b3 a5 2. a3 a4 3. b4 e5 4. Bb2 d6 5. c4 Be7 6. Nc3 f5 7. Nxa4 Nf6 8. Nc3 O-O 9. d3 c6 10. e3 Be6 11. Be2 Nbd7 12. Qc2 Qe8 13. Nf3 Kh8 14. d4 e4 15. Ng5 Bg8 16. h4 h6 17. Nh3 Bh7 18. Nf4 g5 19. hxg5 hxg5 20. Ne6 f4 21. Nxe4 Qg6 22. Nxf8 Rxf8 23. Bd3 Kg7 24. Nc5 Nxc5 25. Rxh7+ Qxh7 26. Bxh7 Rh8 27. dxc5 1-0


[Site "https://www.chess.com"]

[Event "Titled Tuesday Blitz May 9 Early 2023"]
[White "Janaszak, Dawid"]
[Black "Csonka, Balazs"]
[WhiteFideId "1119206"]
[BlackFideId "742910"]
[WhiteElo "2220"]
[BlackElo "2404"]
[Result "0-1"]
[Round "10"]
[TimeControl "180+2"]
[Date "2023.05.09"]
[WhiteClock "0:00:00"]
[BlackClock "0:00:05"]

1. e4 e5 2. Nf3 Nc6 3. d4 exd4 4. Nxd4 Nf6 5. Nxc6 bxc6 6. e5 Qe7 7. Qe2 Nd5 8. h4 Qe6 9. Nd2 a5 10. Nf3 Ba6 11. c4 Nb6 12. b3 a4 13. g3 Bb4+ 14. Bd2 c5 15. Bg2 O-O 16. O-O d5 17. Ng5 Qe7 18. Qd3 g6 19. Bxb4 cxb4 20. Rac1 Rad8 21. Qe2 axb3 22. axb3 dxc4 23. bxc4 Rd4 24. Rfe1 Bxc4 25. Qe3 c5 26. Kh2 Nd5 27. Qf3 Kg7 28. Rxc4 Rxc4 29. Qxd5 Rd4 30. Qc6 b3 31. Nf3 Rb4 32. e6 b2 33. Nd2 Rfb8 34. Nb1 R8b6 35. Qc8 Rxe6 36. Rd1 Rd4 37. Rf1 Re2 38. Nc3 Rc2 39. Nd5 Rxd5 40. Bxd5 Rc1 41. Qb8 Rxf1 42. Qxb2+ Qf6 0-1


[Site "https://www.chess.com"]

[Event "Titled Tuesday Blitz May 9 Early 2023"]
[White "Gurevich, Dmitry"]
[Black "Golubev, Mikhail"]
[WhiteFideId "2000407"]
[BlackFideId "14100983"]
[WhiteElo "2506"]
[BlackElo "2374"]
[Result "1-0"]
[Round "10"]
[TimeControl "180+2"]
[Date "2023.05.09"]
[WhiteClock "0:00:37"]
[BlackClock "0:01:14"]

1. d4 Nf6 2. c4 g6 3. Nc3 Bg7 4. e4 d6 5. Nf3 O-O 6. Be2 e5 7. O-O h6 8. d5 a5 9. Ne1 Na6 10. Be3 Nc5 11. Qc2 Ng4 12. Bxg4 Bxg4 13. b3 Bd7 14. Rb1 f5 15. f3 f4 16. Bf2 g5 17. a3 g4 18. fxg4 Bxg4 19. b4 axb4 20. axb4 Nd7 21. h3 Bh5 22. c5 Nf6 23. Qd3 Rf7 24. Nf3 Bg6 25. Rfe1 Kh7 26. c6 b6 27. Ra1 Rxa1 28. Rxa1 Nh5 29. Ra7 Ng3 30. b5 h5 31. Ra4 Bh6 32. Qc2 Rg7 33. Qa2 Nxe4 34. Nxe4 Bf5 35. Kf1 Qe8 36. Nf6+ 1-0


[Site "https://www.chess.com"]

[Event "Titled Tuesday Blitz May 9 Early 2023"]
[White "Lehtosaari, Mauri"]
[Black "Wagner, Dennis"]
[WhiteFideId "501999"]
[BlackFideId "24650684"]
[WhiteElo "2523"]
[BlackElo "2478"]
[Result "0-1"]
[Round "10"]
[TimeControl "180+2"]
[Date "2023.05.09"]
[WhiteClock "0:00:03"]
[BlackClock "0:01:06"]

1. d4 d5 2. Nf3 Nf6 3. Bg5 c5 4. e3 Nc6 5. c3 Qb6 6. Qb3 c4 7. Qc2 Bf5 8. Qc1 Ne4 9. Nbd2 Nxg5 10. Nxg5 h6 11. Ngf3 e6 12. h3 Be7 13. Be2 O-O 14. O-O Qc7 15. b3 b5 16. a4 a6 17. b4 Rfb8 18. axb5 axb5 19. Qb2 Bd6 20. Rxa8 Rxa8 21. Ra1 Ra7 22. Ra3 Rxa3 23. Qxa3 Qa7 24. Qxa7 Nxa7 25. Kf1 Nc8 26. Ke1 Nb6 27. Nf1 f6 28. Kd2 g5 29. Bd1 Kf7 30. Bc2 Bxc2 31. Kxc2 e5 32. Ng3 e4 33. Nd2 Bxg3 34. fxg3 h5 35. Nb1 Nc8 36. Kd2 f5 37. Ke2 Nd6 38. Na3 h4 39. g4 fxg4 40. hxg4 Ke6 41. Kf2 Kd7 42. g3 h3 43. Kg1 Kc6 44. Kh2 Nc8 45. Kxh3 Nb6 46. Kg2 Na4 47. Nb1 Nb2 48. Kf2 Nd3+ 49. Ke2 Kc7 50. Na3 Kb6 51. Nb1 Nb2 52. Kd2 Kc6 53. Na3 Nd3 54. Ke2 Nb2 55. Kd2 Na4 56. Nc2 Nb6 57. Na3 Nd7 58. Ke2 Nf6 59. Nc2 Nxg4 60. Na3 Nh6 61. Kf2 Nf5 62. g4 Nh4 63. Nc2 Nf3 64. Ne1 Nd2 65. Ng2 Nb1 66. Nf4 gxf4 67. exf4 Kd6 68. Ke3 Nxc3 69. f5 Na2 70. g5 c3 71. g6 c2 0-1


[Site "https://www.chess.com"]

[Event "Titled Tuesday Blitz May 9 Early 2023"]
[White "Thorhallsson, Simon"]
[Black "Klukin, Kirill"]
[WhiteFideId "2310090"]
[BlackFideId "24199273"]
[WhiteElo "2108"]
[BlackElo "2344"]
[Result "0-1"]
[Round "10"]
[TimeControl "180+2"]
[Date "2023.05.09"]
[WhiteClock "0:00:00"]
[BlackClock "0:00:26"]

1. e4 e6 2. d4 d6 3. Nf3 g6 4. Bg5 Be7 5. Bxe7 Qxe7 6. Nc3 a6 7. Bd3 b5 8. e5 Bb7 9. Be4 d5 10. Bd3 Nd7 11. Ne2 c5 12. c3 f6 13. exf6 Ngxf6 14. O-O O-O 15. Re1 Rae8 16. Nf4 Ne4 17. Nh3 b4 18. Bxe4 dxe4 19. Nd2 Qh4 20. Qe2 cxd4 21. cxd4 e5 22. Nxe4 exd4 23. Qc4+ Kh8 24. Qxd4+ Nf6 25. f3 Bxe4 26. fxe4 Rxe4 27. Rxe4 Qxe4 28. Qxe4 Nxe4 29. Rd1 Rc8 30. Nf4 Rc2 31. Nd3 a5 32. h3 Kg7 33. Re1 Nc5 34. Nxc5 Rxc5 35. Re7+ Kf6 36. Ra7 h5 37. Kh2 h4 38. Ra8 Kf5 39. a3 b3 40. Rb8 a4 41. Rb4 Rc2 42. Rxa4 Rxb2 43. Rb4 Ke5 44. a4 Kd5 45. a5 Kc5 46. Rb8 Kc4 47. a6 Ra2 48. Rc8+ Kd3 49. Rb8 Kc2 50. Rc8+ Kb1 51. Rb8 b2 52. Rb6 Ka1 53. a7 b1=Q 0-1


[Site "https://www.chess.com"]

[Event "Titled Tuesday Blitz May 9 Early 2023"]
[White "Starozhilov, Leonid"]
[Black "Shuvalov, Evgenij"]
[WhiteFideId "14106752"]
[BlackFideId "4187237"]
[WhiteElo "2352"]
[BlackElo "2080"]
[Result "1-0"]
[Round "10"]
[TimeControl "180+2"]
[Date "2023.05.09"]
[WhiteClock "0:00:04"]
[BlackClock "0:00:00"]

1. e4 e6 2. d4 d5 3. Nc3 Bb4 4. e5 c5 5. a3 Bxc3+ 6. bxc3 Ne7 7. h4 Qc7 8. h5 h6 9. Rh4 b6 10. Rg4 Kf8 11. a4 Ba6 12. Ne2 Nd7 13. Ba3 Bc4 14. Ng3 Bxf1 15. Kxf1 Kg8 16. Kg1 Rc8 17. dxc5 bxc5 18. f4 Nb6 19. Qf3 Nf5 20. Nxf5 exf5 21. Rg3 Qd7 22. a5 Nc4 23. Bc1 Kh7 24. Qd1 Rhd8 25. Rd3 Qe6 26. Ra4 Qe8 27. Ra1 Qc6 28. Kh2 Rb8 29. a6 Rb6 30. Qf3 Rd7 31. g4 Qe6 32. Kg3 fxg4 33. Qxg4 f5 34. exf6 Qxg4+ 35. Kxg4 Rxf6 36. Ra4 Nb6 37. Ra5 Rc7 38. Ba3 Rfc6 39. Bc1 g6 40. hxg6+ Rxg6+ 41. Kf3 Rg1 42. Ba3 Ra1 43. Rxc5 Rf7 44. Bb4 Rf1+ 45. Kg2 R1xf4 46. Rg3 Rf2+ 47. Kh3 R2f5 48. Rc6 Rh5+ 49. Kg2 Rg5 50. Bc5 Nc4 51. Rxg5 hxg5 52. Bf2 Nd2 53. Rc8 Ne4 54. Bd4 Kg6 55. Rb8 1-0


[Site "https://www.chess.com"]

[Event "Titled Tuesday Blitz May 9 Early 2023"]
[White "Mirzoev, Azer"]
[Black "Baghdasaryan, Vahe"]
[WhiteFideId "13400304"]
[BlackFideId "13303139"]
[WhiteElo "2525"]
[BlackElo "2216"]
[Result "0-1"]
[Round "10"]
[TimeControl "180+2"]
[Date "2023.05.09"]
[WhiteClock "0:00:00"]
[BlackClock "0:00:03"]

1. c4 c6 2. e4 d5 3. exd5 cxd5 4. cxd5 Nf6 5. Qa4+ Nbd7 6. Nc3 g6 7. Qb3 Bg7 8. Bc4 O-O 9. d3 Nb6 10. Nge2 Bf5 11. O-O Rc8 12. Be3 Nfd7 13. Rfd1 Nc5 14. Qa3 Nxc4 15. dxc4 Nd3 16. b3 b5 17. Nxb5 Bxa1 18. Rxa1 e6 19. dxe6 fxe6 20. Rd1 Qf6 21. Nd6 Rcd8 22. c5 Bg4 23. Rxd3 Bxe2 24. Rd4 Qe5 25. h3 a5 26. Qxa5 Ra8 27. Qd2 Ba6 28. b4 Bc8 29. Qc2 Rd8 30. a4 Bd7 31. a5 Bc6 32. b5 Bd5 33. a6 Rab8 34. Qd2 Rxd6 35. cxd6 Rxb5 36. Ra4 Rb1+ 37. Qc1 Rxc1+ 38. Bxc1 Qe1+ 39. Kh2 Qxc1 0-1


[Site "https://www.chess.com"]

[Event "Titled Tuesday Blitz May 9 Early 2023"]
[White "Rodchenkov, Sergey D."]
[Black "Srihari L R"]
[WhiteFideId "4168712"]
[BlackFideId "46617116"]
[WhiteElo "2277"]
[BlackElo "2334"]
[Result "0-1"]
[Round "10"]
[TimeControl "180+2"]
[Date "2023.05.09"]
[WhiteClock "0:00:14"]
[BlackClock "0:00:46"]

1. e4 d6 2. d4 Nf6 3. Nc3 e5 4. Nf3 exd4 5. Nxd4 Be7 6. Bf4 O-O 7. Qd2 Nc6 8. O-O-O Nxd4 9. Qxd4 Be6 10. f3 a6 11. g4 b5 12. h4 c5 13. Qd2 b4 14. Nd5 Nxd5 15. exd5 Bd7 16. g5 Re8 17. h5 Bb5 18. Bh3 Qa5 19. Kb1 c4 20. g6 Bf6 21. gxf7+ Kxf7 22. Be6+ Ke7 23. Rhe1 Kd8 24. Bxd6 c3 25. Qf4 b3 26. cxb3 c2+ 27. Kxc2 Rc8+ 28. Kb1 Bd3+ 29. Ka1 Bxb2+ 0-1


[Site "https://www.chess.com"]

[Event "Titled Tuesday Blitz May 9 Early 2023"]
[White "Korelskiy, Egor"]
[Black "Guerra Tulcan, Lenin"]
[WhiteFideId "34329064"]
[BlackFideId "3601382"]
[WhiteElo "2156"]
[BlackElo "2368"]
[Result "1-0"]
[Round "10"]
[TimeControl "180+2"]
[Date "2023.05.09"]
[WhiteClock "0:01:04"]
[BlackClock "0:00:14"]

1. e4 c5 2. Nf3 e6 3. d4 cxd4 4. Nxd4 Nc6 5. Nc3 Qc7 6. Be3 a6 7. a3 Nf6 8. f3 b5 9. Be2 Bb7 10. O-O Be7 11. Qd2 O-O 12. Rad1 Rac8 13. Rfe1 d5 14. exd5 Nxd4 15. Bxd4 Nxd5 16. Nxd5 Bxd5 17. c3 Rfd8 18. Qe3 Bd6 19. Bb6 Qxb6 20. Qxb6 Bc5+ 21. Qxc5 Rxc5 22. Rd4 Kf8 23. Red1 Rb8 24. Kf2 a5 25. R1d2 Ke7 26. h4 g6 27. Ke3 h5 28. g3 Rd8 29. Kf2 e5 30. R4d3 Ke6 31. Re3 f5 32. b4 axb4 33. axb4 Rc7 34. Bxb5 Rdc8 35. Red3 Bxf3 36. Rxf3 Rxc3 37. Bd7+ Ke7 38. Bxc8 Rxc8 39. Rfd3 e4 40. Rd7+ Ke6 41. R7d6+ Kf7 42. b5 Rc3 43. Rb2 e3+ 44. Ke2 g5 45. b6 f4 46. b7 1-0


[Site "https://www.chess.com"]

[Event "Titled Tuesday Blitz May 9 Early 2023"]
[White "Sanhueza, Cristian"]
[Black "Ambartsumova, Karina"]
[WhiteFideId "116815"]
[BlackFideId "4166299"]
[WhiteElo "2174"]
[BlackElo "2240"]
[Result "1-0"]
[Round "10"]
[TimeControl "180+2"]
[Date "2023.05.09"]
[WhiteClock "0:00:06"]
[BlackClock "0:00:12"]

1. e4 e5 2. Nf3 Nc6 3. Bb5 Nf6 4. O-O Nxe4 5. Re1 Nd6 6. Bf1 Be7 7. Nc3 O-O 8. d4 exd4 9. Nd5 Re8 10. Bf4 Bf8 11. Rxe8 Nxe8 12. Ng5 h6 13. Nxf7 Kxf7 14. Qh5+ g6 15. Qf3 Kg7 16. Bd3 d6 17. Qg3 g5 18. h4 g4 19. f3 Nf6 20. Nxf6 Qxf6 21. fxg4 Qe6 22. Bf5 Qf7 23. Bd3 Bd7 24. Rf1 Qd5 25. h5 Be7 26. Re1 Rf8 27. Be4 Qf7 28. Rf1 Qc4 29. Bd3 Qe6 30. g5 Qg4 31. gxh6+ Kh8 32. Qf2 Bg5 33. Be5+ dxe5 34. Qxf8# 1-0


[Site "https://www.chess.com"]

[Event "Titled Tuesday Blitz May 9 Early 2023"]
[White "cristianserban1"]
[Black "Omranalhosani21"]
[WhiteElo "2503"]
[BlackElo "2592"]
[Result "1/2-1/2"]
[Round "10"]
[TimeControl "180+2"]
[Date "2023.05.09"]
[WhiteClock "0:00:05"]
[BlackClock "0:00:08"]

1. d4 d5 2. Bf4 c5 3. e3 Nc6 4. c3 Qb6 5. Qb3 c4 6. Qc2 Bf5 7. Qc1 e5 8. dxe5 g5 9. Bg3 Bg7 10. Nf3 h6 11. h4 Be4 12. hxg5 Bxf3 13. gxf3 hxg5 14. Rxh8 Bxh8 15. f4 Nge7 16. Bh3 gxf4 17. exf4 d4 18. Na3 Qc5 19. cxd4 Nxd4 20. Qc3 Nd5 21. Qc1 Nb4 22. Kf1 b5 23. Qe3 Rd8 24. Rd1 Nd3 25. Rd2 Bg7 26. Nc2 Bh6 27. Nxd4 Qxd4 28. Qxd4 Rxd4 29. Bf5 Ke7 30. Bxd3 cxd3 31. Kg2 Ke6 32. Kf3 Kf5 33. Ke3 Rb4 34. Kxd3 Bxf4 35. Bxf4 Kxf4 36. Re2 Ra4 37. a3 Ra6 38. Kc3 Rc6+ 39. Kb4 a6 40. Ka5 Kf3 41. Rd2 Ke4 42. Rd6 Rc2 43. Rf6 Kxe5 44. Rxf7 Rxb2 45. Kxa6 Rb3 46. Ka5 Rxa3+ 47. Kxb5 Ke4 48. Re7+ Kf3 49. Rf7+ Ke4 50. f4 Rf3 51. Re7+ Kf5 52. Re5+ Kxf4 53. Rc5 Rb3+ 54. Kc4 Rb8 55. Rd5 Re8 56. Rd4+ Re4 57. Rxe4+ Kxe4 1/2-1/2


[Site "https://www.chess.com"]

[Event "Titled Tuesday Blitz May 9 Early 2023"]
[White "Jovic, Stanoje"]
[Black "Berezin, Viktor"]
[WhiteFideId "905020"]
[BlackFideId "14107872"]
[WhiteElo "2236"]
[BlackElo "2310"]
[Result "0-1"]
[Round "10"]
[TimeControl "180+2"]
[Date "2023.05.09"]
[WhiteClock "0:00:00"]
[BlackClock "0:00:12"]

1. c4 Nf6 2. g3 g6 3. Bg2 Bg7 4. Nc3 O-O 5. Nf3 d6 6. O-O Nc6 7. Rb1 e5 8. b4 Nd4 9. Ne1 c6 10. e3 Ne6 11. d4 Qe7 12. d5 Ng5 13. dxc6 bxc6 14. Bxc6 Bb7 15. b5 Rac8 16. Nd5 Nxd5 17. cxd5 Ne4 18. Rb4 f5 19. Rxe4 fxe4 20. Qa4 a6 21. b6 Kh8 22. Ba3 Bxc6 23. dxc6 Qe8 24. Bxd6 Rf6 25. b7 Rxd6 26. bxc8=Q Qxc8 27. Qxe4 Qxc6 28. Qxc6 Rxc6 29. Nf3 h6 30. e4 Rc2 31. Rd1 Rxa2 32. Rd6 Kh7 33. Nh4 a5 34. Rxg6 a4 35. Ra6 a3 36. Nf5 Bf8 37. g4 Bc5 38. Rxh6+ Kg8 39. Ne3 Rd2 40. Ra6 a2 41. Nc4 Rxf2 42. Kh1 Bd4 43. h4 a1=Q+ 44. Rxa1 Bxa1 45. Kg1 Bd4 46. Kh1 Rf4 47. Kg2 Rxg4+ 48. Kh3 Rxe4 49. Nd6 Rf4 50. h5 Kh7 51. Kg3 Kh6 52. Nb5 Kxh5 53. Nc7 Rf6 54. Nd5 Rg6+ 55. Kf3 Kg5 56. Ke4 Rg7 57. Nb6 Bxb6 0-1


[Site "https://www.chess.com"]

[Event "Titled Tuesday Blitz May 9 Early 2023"]
[White "WindWhistler11"]
[Black "Frolyanov, Dmitry"]
[BlackFideId "4151976"]
[WhiteElo "2493"]
[BlackElo "2395"]
[Result "1-0"]
[Round "10"]
[TimeControl "180+2"]
[Date "2023.05.09"]
[WhiteClock "0:01:13"]
[BlackClock "0:00:27"]

1. Nf3 Nf6 2. g3 b6 3. Bg2 Bb7 4. c4 e5 5. O-O e4 6. Ne1 Bc5 7. Nc3 O-O 8. Nc2 Re8 9. b4 Bf8 10. a3 Nc6 11. Bb2 Ne5 12. Ne3 a5 13. b5 Bc5 14. d4 exd3 15. Bxb7 Bxe3 16. Bxa8 Nxc4 17. Bf3 Nxb2 18. Qb3 dxe2 19. Nxe2 Bc5 20. Qxb2 d5 21. Rad1 Qe7 22. Nf4 1-0


[Site "https://www.chess.com"]

[Event "Titled Tuesday Blitz May 9 Early 2023"]
[White "Nikologorskiy, Konstantin"]
[Black "Ljukin, Sergei"]
[WhiteFideId "24111708"]
[BlackFideId "14102200"]
[WhiteElo "2273"]
[BlackElo "2312"]
[Result "1-0"]
[Round "10"]
[TimeControl "180+2"]
[Date "2023.05.09"]
[WhiteClock "0:00:06"]
[BlackClock "0:00:00"]

1. d4 d5 2. c4 c6 3. Nf3 Nf6 4. Nc3 dxc4 5. a4 Bf5 6. e3 e6 7. Bxc4 Bb4 8. O-O Nbd7 9. Qe2 O-O 10. e4 Bg4 11. Bg5 Qa5 12. Qe3 Bxf3 13. gxf3 e5 14. dxe5 Nxe5 15. Be2 Bc5 16. Qf4 Ng6 17. Qg3 Be7 18. Be3 Nh5 19. Qg4 Bd6 20. Nb5 cxb5 21. Qxh5 Nf4 22. Bxf4 Bxf4 23. Bxb5 a6 24. Qg4 Qc7 25. Bd3 Qe5 26. Kh1 Rad8 27. Rad1 Rd6 28. Bc2 Rh6 29. h4 Qf6 30. Kg2 Rxh4 31. Qf5 Qe7 32. Rh1 Rxh1 33. Rxh1 g6 34. Qxf4 Rd8 35. Qh4 Qxh4 36. Rxh4 Rd2 37. Bb3 Rxb2 38. Bd5 Rb4 39. Rf4 Rxa4 40. Rxf7 Kh8 41. Rxb7 Rb4 42. Rxb4 1-0


[Site "https://www.chess.com"]

[Event "Titled Tuesday Blitz May 9 Early 2023"]
[White "Arat, Ufuk Sezen"]
[Black "Sharapov, Evgeny"]
[WhiteFideId "6309089"]
[BlackFideId "14103133"]
[WhiteElo "2289"]
[BlackElo "2367"]
[Result "0-1"]
[Round "10"]
[TimeControl "180+2"]
[Date "2023.05.09"]
[WhiteClock "0:00:06"]
[BlackClock "0:00:35"]

1. e4 c5 2. Nf3 d6 3. d4 cxd4 4. Nxd4 Nf6 5. Nc3 Nc6 6. Bg5 e6 7. Qd2 Be7 8. O-O-O O-O 9. f4 Nxd4 10. Qxd4 Qa5 11. Kb1 Rd8 12. Be2 Bd7 13. Bf3 Bc6 14. Rhe1 h6 15. Bh4 d5 16. e5 Bc5 17. Qd3 d4 18. Bxc6 dxc3 19. Qxc3 Bb4 20. Qg3 Bxe1 21. Rxe1 Nh5 22. Qe3 bxc6 23. Bxd8 Rxd8 24. a3 Qd2 25. Qe4 Nxf4 26. Rf1 Ng6 27. Qxc6 Nxe5 28. Qc7 Qd6 29. Qxa7 Rd7 30. Qa8+ Kh7 31. g4 Qd4 32. h3 Nc4 33. c3 Qd3+ 34. Ka2 Qxf1 35. Qe4+ g6 0-1


[Site "https://www.chess.com"]